 Dungeon Crawl Stone Soup version 0.23.2-40-g277498a001 (webtiles) character file.

Game seed: 5109415115973846739

53 FantasticalWhimsy the Chiller (level 3, 0/19 HPs)
             Began as a Gargoyle Ice Elementalist on Aug 16, 2019.
             Slain by an orc
             ... wielding a +0 flail
              (9 damage)
             ... on level 3 of the Dungeon.
             The game lasted 00:09:07 (1730 turns).

FantasticalWhimsy the Chiller (GrIE)                Turns: 1730, Time: 00:09:08

Health: 0/19       AC:  5    Str: 11    XL:     3   Next: 87%
Magic:  0/7        EV: 12    Int: 16    God:
Gold:   77         SH:  0    Dex: 10    Spells: 4/7 levels left

rFire    . . .     SeeInvis .   d - +0 hand axe
rCold    . . .     Gourm    .   (no shield)
rNeg     + . .     Faith    .   a - +0 robe
rPois    ∞         Spirit   .   (no helmet)
rElec    +         Reflect  .   (no cloak)
rCorr    .         Harm     .   (no gloves)
MR       .....                  (no boots)
Stlth    ++........             (no amulet)
HPRegen  0.06/turn              (no ring)
MPRegen  0.10/turn              (no ring)

@: no status effects
A: negative energy resistance 1, electricity resistance, unbreathing,
petrification resistance, rot immunity, AC +3
a: no special abilities


You were on level 3 of the Dungeon.
You were not hungry.

You visited 1 branch of the dungeon, and saw 3 of its levels.

You collected 77 gold pieces.

Inventory:

Hand Weapons
 d - a +0 hand axe (weapon)
   (You found it on level 1 of the Dungeon)
 p - a +0 blowgun
   (You took it off a kobold on level 3 of the Dungeon)
Missiles
 g - 43 sling bullets
 q - 15 poisoned needles
Armour
 a - a +0 robe (worn)
 j - a +0 shield
   (You found it on level 1 of the Dungeon)
Scrolls
 c - a scroll of remove curse {unknown}
 f - a scroll of amnesia
 k - a scroll of enchant armour {unknown}
 o - a scroll of immolation {unknown}
Potions
 b - a potion of heal wounds {unknown}
 h - a potion of curing {unknown}
 i - a potion of haste {unknown}
 l - a potion of ambrosia {unknown}
 m - a potion of might {unknown}
Comestibles
 e - 3 rations {!d}
 n - 2 chunks of flesh


   Skills:
 - Level 1.5 Dodging
 - Level 2.1 Stealth
 + Level 2.8 Spellcasting
 + Level 2.1 Conjurations
 + Level 3.7 Ice Magic


You had 4 spell levels left.
You knew the following spells:

 Your Spells              Type           Power        Failure   Level  Hunger
a - Freeze                Ice            ##..         4%          1    #......
x - Throw Frost           Conj/Ice       ##....       9%          2    ##.....

Your spell library contained the following spells:

 Spells                   Type           Power        Failure   Level  Hunger
 Ozocubu's Armour         Chrm/Ice       #.......     26%         3    ###....
 Throw Icicle             Conj/Ice       ##......     50%         4    #####..
 Summon Ice Beast         Ice/Summ       #.......     65%         4    #####..


Dungeon Overview and Level Annotations

Branches:
Dungeon (3/15)

Altars:
Qazlal
Wu Jian


Innate Abilities, Weirdness & Mutations

You are resistant to torment.
Your stone body is resilient. (AC +3)
You are immune to poison.
You resist negative energy. (rN+)
You are resistant to electric shocks. (rElec)
You can survive without breathing.
You are immune to petrification.
You are immune to rotting.


Message History

Casting: Freeze (safe; 4% risk of failure)
Aiming: Freeze (safe; 4% risk of failure)
Aim: an orc, wielding a +0 club (almost dead)
You freeze the orc.
You kill the orc!
Casting: Freeze (safe; 4% risk of failure)
Aiming: Freeze (safe; 4% risk of failure)
Aim: an orc, wearing a +0 scale mail You freeze the orc.
The orc barely misses you.
Casting: Freeze (safe; 4% risk of failure)
Aiming: Freeze (safe; 4% risk of failure)
Aim: an orc, wearing a +0 scale mail (heavily wounded)
You freeze the orc. The orc hits you but does no damage.
Casting: Freeze (safe; 4% risk of failure)
Aiming: Freeze (safe; 4% risk of failure)
Aim: an orc, wearing a +0 scale mail (severely wounded)
You freeze the orc!
You kill the orc!
Casting: Freeze (safe; 4% risk of failure)
Aiming: Freeze (safe; 4% risk of failure)
Aim: a leopard gecko (clinging)
You freeze the leopard gecko. The leopard gecko bites you.
Casting: Freeze (safe; 4% risk of failure)
You don't have enough magic to cast that spell.
You hit the leopard gecko. The leopard gecko barely misses you. x2
You barely miss the leopard gecko.
The leopard gecko bites you but does no damage.
You hit the leopard gecko.
You kill the leopard gecko!
Casting: Freeze (safe; 4% risk of failure)
Aiming: Freeze (safe; 4% risk of failure)
Aim: an orc, wielding a +0 club You freeze the orc.
The orc barely misses you.
The orc shouts!
You hit the orc.
You kill the orc!
Items here: )) [ ††† The orc shouts!
You barely miss the orc. The orc closely misses you.
You hit the orc. The orc barely misses you.
Casting: Freeze (safe; 4% risk of failure)
Aiming: Freeze (safe; 4% risk of failure)
Aim: an orc, wielding a +0 flail (moderately wounded)
You freeze the orc. The orc hits you with a +0 flail!
* * * LOW HITPOINT WARNING * * *
Unknown command.
Unknown command.
Unknown command.
You barely miss the orc. The orc hits you with a +0 flail!
You die...

#.... #...# #...#
#...# #...### #.....#
#.o##.# #o##.###
####@##...##
#..........##
#...........#
#.........#.####
#.........###..##
#.........##.##.##
#...........#.##.## #
#..........###.##.##.
##.##########..###..#


You could see 2 orcs.

Vanquished Creatures
  A dart slug (D:1)
  A leopard gecko (D:3)
  3 orcs (D:3)
  A ball python (D:2)
  2 giant cockroaches
  8 goblins
  3 hobgoblins
  9 jackals (D:1)
  6 bats
  2 frilled lizards (D:1)
  A kobold (D:3)
  3 rats
40 creatures vanquished.

Notes
Turn   | Place    | Note
-------+----------+-------------------------------------------
     0 | D:1      | FantasticalWhimsy the Gargoyle Ice Elementalist began the
                  | quest for the Orb.
     0 | D:1      | Reached XP level 1. HP: 10/10 MP: 3/3
   554 | D:1      | Reached XP level 2. HP: 15/15 MP: 3/5
   561 | D:1      | Learned a level 2 spell: Throw Frost
  1024 | D:1      | Reached XP level 3. HP: 19/19 MP: 4/6
  1581 | D:2      | You fall through a shaft!
  1581 | D:3      | Found a stormy altar of Qazlal.
  1686 | D:3      | Found an ornate altar of the Wu Jian Council.
  1730 | D:3      | Slain by an orc

Skill      XL: |  1  2  3 |
---------------+----------+-----
Conjurations   | 2 |  2.1
Dodging        | |  1.5
Stealth        | |  2.1
Spellcasting   | |  2.8
Ice Magic      | |  3.7

Action                   || total
-------------------------++-------
Melee: Unarmed           ||     2
       Hand axe          ||    16
 Cast: Freeze            ||    60
       Throw Frost       ||     1
  Use: Scroll            ||     1
  Eat: Chunk             ||     3
Armor: Robe              ||    20
Dodge: Dodged            ||    42
